 Dungeon Crawl Stone Soup version 0.27-a0-1186-g8b4daa1eef (webtiles) character file.

Game seed: 557616991954599151

623 ZappyNine the Magician (level 7, -26/49 HPs)
             Began as a Djinni Necromancer on May 19, 2021.
             Annihilated by a two-headed ogre
             ... wielding a +0 giant club
              (27 damage)
             ... on level 6 of the Dungeon.
             The game lasted 00:07:12 (4640 turns).

ZappyNine the Magician (Djinni Necromancer)         Turns: 4640, Time: 00:07:13

Health: -26/49     AC:  5    Str:  7    XL:     7   Next: 75%
Gold:   132        EV: 13    Int: 18    God:
                   SH:  0    Dex: 14

rFire    + + .     SeeInvis .   k - +0 short sword (venom)
rCold    x . .     Faith    .   (no shield)
rNeg     . . .     Spirit   .   a - +1 robe
rPois    ∞         Reflect  .   (no helmet)
rElec    .         Harm     .   q - +1 cloak
rCorr    .         Rampage  .   (no gloves)
Will     .....                  (boots unavailable)
Stlth    ++........             (no amulet)
HPRegen  0.16/turn              (no ring)
MPRegen  0.00/turn              (no ring)

@: mighty, flying
A: sickness immunity, fire resistance 2, cold vulnerability 1, float, innate
caster, hp casting, extra vitality 1
a: no special abilities


You were on level 6 of the Dungeon.
You visited 1 branch of the dungeon, and saw 5 of its levels.
You also visited: Sewer.

You collected 132 gold pieces.

Inventory:

Hand Weapons
 e - a +0 short sword
 k - a +0 short sword of venom (weapon)
Missiles
 n - 2 throwing nets
Armour
 a - a +1 robe (worn)
 q - a +1 cloak (worn)
Jewellery
 p - a +6 ring of strength
Scrolls
 g - a scroll of amnesia
Potions
 b - 3 potions of curing
 c - 3 potions of heal wounds
 d - 2 potions of cancellation
 h - a potion of invisibility {unknown}
 i - a potion of might
 j - a potion of flight
 l - a potion of resistance {unknown}
 m - a potion of berserk rage {unknown}


   Skills:
 + Level 2.2 Fighting
 + Level 3.5 Short Blades
 + Level 4.5 Dodging
 + Level 2.6 Stealth
 + Level 4.6 Spellcasting


You couldn't memorise any spells.
You knew the following spells:

 Your Spells              Type           Power      Damage    Failure   Level
a - Pain                  Necr           80%        1d8       1%          1
b - Animate Skeleton      Necr           40%        N/A       1%          1
c - Vampiric Draining     Necr           10%        2d7       6%          3
d - Animate Dead          Necr           10%        N/A       21%         4
e - Agony                 Necr           20%        N/A       50%         5
f - Sandblast             Erth           40%        2d10      1%          1
g - Poisonous Vapours     Pois/Air       40%        N/A       3%          2
h - Ignite Poison         Fire/Tmut/Pois 20%        N/A       6%          3
Your spell library was empty.

Dungeon Overview and Level Annotations

Branches:
Dungeon (4/15)              Sewer (visited)
 Temple: D:4-7

Altars:


Innate Abilities, Weirdness & Mutations

You are immune to sickness and miasma.
You are immune to poison.
Your flesh is very heat resistant. (rF++)
You are vulnerable to cold. (rC-)
You float through the air rather than walking.
You learn spells naturally, not from books.
Your magical power is your life essence.
You have superior vitality. (+4 HP)


Message History

Your bat zombie hits the two-headed ogre but does no damage. x2
Your bat zombie hits the two-headed ogre. x2
Your bat zombie closely misses the two-headed ogre.
Your bat zombie hits the two-headed ogre but does no damage.
Your bat zombie hits the two-headed ogre.
The two-headed ogre hits your bat zombie with a +0 giant club!
Your bat zombie is destroyed!
Your bat zombie hits the two-headed ogre but does no damage. x2
Your bat zombie hits the two-headed ogre but does no damage.
The two-headed ogre hits your bat zombie with a +0 giant club!
Your bat zombie is destroyed!
Casting: Pain (safe; 1% risk of failure)
Confirm with . or Enter, or press ? or * to list all spells.
Aiming: Pain (safe; 1% risk of failure)
Press: ? - help, Shift-Dir - straight line, f/p - two-headed ogre
Aim: a two-headed ogre, wielding a +0 giant club and a +0 giant spiked club (lightly wounded, chance to affect: 65%)
The two-headed ogre writhes in agony!
Unknown command.
You feel very mighty all of a sudden.
Casting: Pain (safe; 1% risk of failure)
Confirm with . or Enter, or press ? or * to list all spells.
Aiming: Pain (safe; 1% risk of failure)
Press: ? - help, Shift-Dir - straight line, f/p - two-headed ogre
Aim: a two-headed ogre, wielding a +0 giant club and a +0 giant spiked club (moderately wounded, chance to affect: 65%)
The two-headed ogre writhes in agony.
The two-headed ogre barely misses you.
The two-headed ogre hits you with a +0 giant spiked club!!
Ouch! That really hurt!
* * * LOW HITPOINT WARNING * * *
You hit the two-headed ogre.
The two-headed ogre is heavily wounded.
The two-headed ogre closely misses you. The two-headed ogre barely misses you.
You hit the two-headed ogre.
The two-headed ogre is poisoned.
The two-headed ogre is heavily wounded.
You hit the two-headed ogre.
The two-headed ogre looks as sick as possible!
The two-headed ogre is severely wounded.
The two-headed ogre hits you with a +0 giant club!!
Ouch! That really hurt!
You die...

#.....# #.....#
. #.ZZ# ..
####.O# ..
##.###.# #.
##...##.#
#..###.......#
..#....#.....###
........@O...#
.......##...##
..###<. ##.##
#.# ### #. .. .#
#


You could see a two-headed ogre (extremely poisoned).

Vanquished Creatures
  Grinder (Sewer)
  A kobold brigand (Sewer)
  A wight (Sewer)
  2 vampire bats (D:6)
  A hound (D:4)
  A hound skeleton (D:4)
  3 adders (D:3)
  A shadow imp (Sewer)
  2 ufetubi (Sewer)
  3 dart slugs
  13 bats
  6 endoplasms
  3 giant cockroaches
  3 hobgoblins
  3 jackals (D:3)
  4 quokkas
  8 ball pythons
  3 frilled lizards
  3 giant cockroach zombies (Sewer)
  5 goblins
  19 kobolds
  4 rats
90 creatures vanquished.

Vanquished Creatures (collateral kills)
  A phantom (Sewer)
1 creature vanquished.

Grand Total: 91 creatures vanquished

Notes
Turn   | Place    | Note
-------+----------+-------------------------------------------
     0 | D:1      | ZappyNine the Djinni Necromancer began the quest for the
                  | Orb.
     0 | D:1      | Reached XP level 1. HP: 15/15 MP: 0/0
   730 | D:1      | Reached XP level 2. HP: 11/21 MP: 0/0
  1275 | D:1      | Found a faded altar of an unknown god.
  1368 | D:1      | Reached XP level 3. HP: 25/25 MP: 0/0
  1368 | D:1      | Learned a level 1 spell: Sandblast
  2232 | D:3      | Reached XP level 4. HP: 14/31 MP: 0/0
  2640 | D:3      | Reached skill level 1 in Short Blades
  2816 | D:3      | Found a glowing drain.
  2828 | Sewer    | Entered a sewer
  3133 | Sewer    | Reached XP level 5. HP: 4/36 MP: 0/0
  3133 | Sewer    | Learned a level 2 spell: Poisonous Vapours
  3470 | Sewer    | Noticed a kobold brigand
  3491 | Sewer    | Killed a kobold brigand
  3492 | Sewer    | Reached skill level 1 in Fighting
  3493 | Sewer    | Reached XP level 6. HP: 30/42 MP: 0/0
  3660 | Sewer    | Noticed Grinder
  3678 | Sewer    | Paralysed by Grinder for 3 turns
  3683 | Sewer    | Killed Grinder
  3684 | Sewer    | Reached XP level 7. HP: 25/48 MP: 0/0
  3684 | Sewer    | Learned a level 3 spell: Ignite Poison
  4548 | D:4      | You are sucked into a shaft and drop 2 floors!
  4549 | D:6      | Noticed a vampire
  4613 | D:6      | Noticed a two-headed ogre
  4637 | D:6      | HP: 1/49 [two-headed ogre/+0 giant club (26)]
  4640 | D:6      | Annihilated by a two-headed ogre

Illustrated notes

Levels and vault maps discovered:
D:1:      onia_arrival_mini_maze_b, layout_basic, ebering_ecumenical_altar_box
D:2:      layout_rooms, kennysheep_nondescript
D:3:      layout_rooms, portal_sewer_entry_d, hangedman_decor_peaks_small
D:4:      layout_loops_cross, grunt_temple_overflow_gold_and_silver,
          grunt_temple_overflow_open, minmay_fractal_squares_diagonal_5
D:6:      layout_cave_pools, minmay_temple_entry_large_hall, roderic_batcave,
          minmay_fire_ice_demons

Skill      XL: |  1  2  3  4  5  6  7 |
---------------+----------------------+-----
Short Blades   | 1 2 3 |  3.5
Stealth        | 2 |  2.6
Spellcasting   | 4 |  4.6
Dodging        | 3 4 |  4.5
Fighting       | 1 2 |  2.2

Action                   |  1- 3 |  4- 6 |  7- 9 || total
-------------------------+-------+-------+-------++-------
Melee: Unarmed           |     5 |       |       ||     5
       Short sword       |    63 |   104 |   102 ||   269
 Cast: Pain              |    15 |     9 |     5 ||    29
       Vampiric Draining |     2 |     4 |     2 ||     8
       Poisonous Vapours |       |     2 |     2 ||     4
       Animate Dead      |       |       |     2 ||     2
       Ignite Poison     |       |       |     1 ||     1
  Use: Scroll            |     6 |       |     5 ||    11
       Potion            |       |     5 |     2 ||     7
 Stab: Sleeping          |     3 |     3 |       ||     6
Armor: Robe              |    19 |    37 |    95 ||   151
Dodge: Dodged            |    51 |   109 |   151 ||   311

Table legend: (Time is in decaauts)
 A = Elapsed time spent in this place.
 B = Non-inter-level travel time spent in this place.
 C = Inter-level travel time spent in this place.
 D = Time resting spent in this place.
 E = Time spent auto-exploring this place.
 F = Levels seen in this place.
 G = Mean time per level.
                   A        B        C        D        E       F      G
               +--------+--------+--------+--------+--------+-----+--------+
         Total |   4640 |   4525 |    115 |   1655 |   1995 |   6 |  773.3 |
       Dungeon |   3256 |   3141 |    115 |    725 |   1896 |   5 |  651.2 |
         Sewer |   1383 |   1383 |      0 |    930 |     99 |   1 | 1383.0 |
               +--------+--------+--------+--------+--------+-----+--------+

Top non-repeatable levels by time:
     D:1: 1720 daAuts
   Sewer: 1383 daAuts
     D:3: 748 daAuts
     D:2: 462 daAuts
     D:4: 237 daAuts
     D:6: 87 daAuts
